 Dungeon Crawl Stone Soup version 0.21.1-1-g345015fe64 (webtiles) character file.

966 Gargoyl the Skirmisher (level 7, 0/61 HPs)
             Began as a Centaur Abyssal Knight on Mar 23, 2018.
             Was a Priest of Lugonu.
             Slain by a river rat (5 damage)
             ... in a sewer.
             The game lasted 00:06:35 (4010 turns).

Gargoyl the Skirmisher (Centaur Abyssal Knight)     Turns: 4010, Time: 00:06:36

Health: 0/61       AC:  7    Str: 18 (19) XL:     7   Next: 93%
Magic:  10/10      EV:  8    Int:  9 (11) God:    Lugonu [***...]
Gold:   130        SH:  0    Dex: 11      Spells: 6/6 levels left

rFire    . . .     SeeInvis .   a - +4 hand axe
rCold    . . .     Gourm    .   (no shield)
rNeg     . . .     Faith    .   g - +0 scale mail
rPois    +         Spirit   .   (helmet restricted)
rElec    .         Reflect  .   (no cloak)
rCorr    .         Harm     .   (no gloves)
MR       .....                  (no barding)
Stlth    ..........             i - amulet of rage
HPRegen  0.20/turn              (no ring)
MPRegen  0.12/turn              (no ring)

@: mighty, very quick
A: large, antennae 1, hooves 3, deformed body, speed 2, poison resistance, tough
skin 3
a: Depart the Abyss, Bend Space, Banish, Renounce Religion, Evoke Berserk Rage


You were in a sewer.
You worshipped Lugonu.
Lugonu was most pleased with you.
You were not hungry.

You visited 1 branch of the dungeon, and saw 4 of its levels.
You visited the Abyss 1 time.
You also visited: Sewer.

You collected 130 gold pieces.

Inventory:

Hand Weapons
 a - a +4 hand axe (weapon)
Armour
 g - a +0 scale mail (worn)
Jewellery
 i - an amulet of rage (around neck)
Wands
 d - a wand of paralysis (6)
 m - a wand of random effects (14)
Scrolls
 b - a scroll of remove curse
 e - a scroll of blinking
 f - a scroll of fog {unknown}
 k - 5 scrolls of teleportation
 l - a scroll of identify
Comestibles
 c - 7 rations
 h - a chunk of flesh


   Skills:
 + Level 5.6 Fighting
 + Level 4.3 Axes
 * Level 3.9 Armour
 + Level 1.2 Dodging
 * Level 4.3 Invocations
 + Level 0.6 Evocations


You had 6 spell levels left.
You didn't know any spells.

Dungeon Overview and Level Annotations

Branches:
Dungeon (4/15)
 Temple: D:4-7

Altars:


Innate Abilities, Weirdness & Mutations

You have hooves in place of feet.
Armour fits poorly on your strangely shaped body.
You cover ground very quickly.
You have extremely tough skin. (AC +3)
You have a pair of small antennae on your head.
Your system is resistant to poisons. (rPois)


Message History

You hit the river rat but do no damage. The river rat bites you. x2
* * * LOW HITPOINT WARNING * * *
You closely miss the river rat. Your kick misses the river rat.
The river rat is almost dead.
You slash the river rat!
The river rat bites you but does no damage.
The river rat bites you.
* * * LOW HITPOINT WARNING * * *
The river rat bites you but does no damage.
The river rat barely misses you.
You barely miss the river rat.
The river rat is almost dead.
Your scale mail prevents you from hitting the river rat.
The river rat completely misses you. The river rat bites you!
* * * LOW HITPOINT WARNING * * *
Unknown command.
It was a potion of might.
You feel very mighty all of a sudden. The river rat bites you.
You die...

#≈###≈# #≈≈≈.≈#
##≈≈≈## #≈..# #..≈#
#≈≈.## ####### #.≈≈.#
#.≈≈r≈##### #≈≈≈≈≈
#@≈≈.≈########..≈.
#.≈≈r≈###≈≈..≈≈.####.≈
####### #.≈≈≈≈≈≈≈# ##.
≈≈≈≈###.≈≈≈..≈≈####≈
#.≈...####..≈≈##≈≈
≈≈≈≈##### ##≈.≈.≈.≈ ##
##≈...≈. #≈≈≈≈.≈
#.≈≈≈≈≈


You could see 2 river rats.

Vanquished Creatures
  A large abomination (Abyss:2)
  Sigmund (D:2)
  The ghost of tensugalgo the Sneak, an amateur NaAs (D:3)
  2 big kobolds (Sewer)
  A scorpion (D:4)
  An orc priest (D:3)
  Ijyb (D:2)
  Robin (D:3)
  5 river rats
  3 adders (D:2)
  6 oozes
  5 worms
  2 dart slugs
  2 leopard geckos
  8 orcs
  4 ball pythons
  6 bats
  A giant cockroach (D:1)
  17 goblins
  11 hobgoblins
  4 jackals (D:3)
  4 quokkas
  6 frilled lizards
  8 kobolds
  13 rats
114 creatures vanquished.

Vanquished Creatures (others)
  4 toadstools (D:1)
4 creatures vanquished.

Grand Total: 118 creatures vanquished

Notes
Turn   | Place    | Note
-------+----------+-------------------------------------------
     0 | Abyss:1  | Gargoyl the Centaur Abyssal Knight began the quest for the Orb.
     0 | Abyss:1  | Reached XP level 1. HP: 19/19 MP: 2/2
    56 | Abyss:2  | Noticed a tentacled starspawn
    66 | Abyss:2  | Noticed a large abomination
    89 | Abyss:2  | Killed a large abomination
    89 | Abyss:2  | Reached skill level 5 in Fighting
    89 | Abyss:2  | Reached XP level 2. HP: 29/29 MP: 4/4
    89 | Abyss:2  | Reached XP level 3. HP: 36/36 MP: 5/5
    89 | Abyss:2  | Reached XP level 4. HP: 42/42 MP: 6/6
    89 | Abyss:2  | Reached XP level 5. HP: 48/48 MP: 7/7
   125 | Abyss:2  | Gained mutation: You have a pair of small antennae on your head. [potion of mutation]
   125 | Abyss:2  | Gained mutation: Your system is resistant to poisons. (rPois) [potion of mutation]
   128 | Abyss:2  | Noticed a thrashing horror
   129 | Abyss:2  | Noticed a thrashing horror
   131 | D:1      | Escaped the Abyss
   671 | D:1      | Reached * piety under Lugonu
  1545 | D:2      | Noticed Sigmund
  1556 | D:2      | Killed Sigmund
  1556 | D:2      | Reached XP level 6. HP: 15/56 MP: 8/8
  1933 | D:2      | Reached skill level 1 in Dodging
  2012 | D:2      | Noticed Ijyb
  2024 | D:2      | Paralysed by Ijyb for 5 turns
  2032 | D:2      | Paralysed by Ijyb for 7 turns
  2041 | D:2      | Killed Ijyb
  2441 | D:3      | Reached ** piety under Lugonu
  2584 | D:3      | Noticed Robin
  2593 | D:3      | Killed Robin
  2657 | D:3      | Reached XP level 7. HP: 57/61 MP: 9/9
  2896 | D:3      | Noticed tensugalgo's ghost (amateur NaAs)
  2914 | D:3      | Killed tensugalgo's ghost
  3271 | D:4      | Found a glowing drain.
  3291 | Sewer    | Entered a sewer
  3558 | Sewer    | Reached *** piety under Lugonu
  4010 | Sewer    | Slain by a river rat

Skill      XL: |  1  2  3  4  5  6  7 |
---------------+----------------------+-----
Fighting       | 5 |  5.6
Axes           | 2 3 4 |  4.3
Armour         | 2 3 |  3.9
Invocations    | 3 4 |  4.3
Dodging        | 1 |  1.2
Evocations     | |  0.6

Action                   |  1- 3 |  4- 6 |  7- 9 || total
-------------------------+-------+-------+-------++-------
Melee: Hand axe          |       |   177 |   123 ||   300
       Kick              |       |    37 |    22 ||    59
Invok: Depart the Abyss  |       |     1 |       ||     1
Evoke: Wand              |     5 |     1 |       ||     6
  Use: Scroll            |     1 |     7 |     1 ||     9
       Potion            |       |     4 |     1 ||     5
  Eat: Chunk             |       |     4 |     4 ||     8
Armor: Scale mail        |       |    99 |    47 ||   146
       Leather armour    |       |    12 |       ||    12
Dodge: Dodged            |       |    79 |    38 ||   117
